 Dungeon Crawl Stone Soup version 0.20-a0-1006-ge6c5631 (webtiles) character file.

5864 Rrauwl the Demon Slayer (level 10, -13/86 HPs)
             Began as a Hill Orc Fire Elementalist on Apr 12, 2017.
             Was a High Priest of the Shining One.
             Mangled by a two-headed ogre
             ... wielding a +0 giant spiked club
              (16 damage)
             ... on level 10 of the Dungeon on Apr 13, 2017.
             The game lasted 00:36:45 (8468 turns).

Rrauwl the Demon Slayer (HOFE)                      Turns: 8468, Time: 00:36:48

Health: -13/86     AC:  9    Str: 13    XL:     10   Next: 81%
Magic:  15/15      EV: 12    Int: 19    God:    the Shining One [*****.]
Gold:   165        SH:  4    Dex: 11    Spells: 3/14 levels left

rFire    . . .     SeeInvis +   a - +4 hand axe (chop)
rCold    . . .     Gourm    .   (no shield)
rNeg     + + .     Faith    +   P - +1 leather armour of Gravity {rPois Int+4}
rPois    +         Spirit   .   m - +0 helmet {SInv}
rElec    .         Reflect  .   s - +1 cloak
rCorr    .         Harm     .   H - +0 pair of gloves
MR       .....                  (no boots)
Stlth    +.........             j - amulet of faith
Regen    0.3/turn               w - ring of see invisible
MPRegen  0.2/turn               O - ring of stealth

@: glowing
A: large bone plates 1, dopey 1, sense surroundings 1
a: Divine Shield, Cleansing Flame, Summon Divine Warrior, Renounce Religion,
Convert to Beogh


You were on level 10 of the Dungeon.
You worshipped the Shining One.
The Shining One was extremely pleased with you.
You were not hungry.

You visited 2 branches of the dungeon, and saw 11 of its levels.
You also visited: Ossuary.

You collected 440 gold pieces.
You spent 275 gold pieces at shops.

Inventory:

Hand Weapons
 a - a +4 hand axe of chopping (weapon)
 b - the +2 arbalest of the Thing {freeze, MR+ SInv}
   (You bought it in a shop on level 8 of the Dungeon)

   It causes projectiles fired from it to freeze those they strike, causing
   extra injury to most foes and up to half again as much damage against
   particularly susceptible opponents.
   They can also slow down cold-blooded creatures.
   It affects your resistance to hostile enchantments.
   It lets you see invisible.
Missiles
 e - 49 bolts
Armour
 h - a +0 troll leather armour
 m - a +0 helmet of see invisible (worn)
 s - a +1 cloak (worn)
 H - a +0 pair of gloves (worn)
 P - the +1 leather armour of Gravity (worn) {rPois Int+4}
   (You found it on level 8 of the Dungeon)

   It affects your intelligence (+4).
   It protects you from poison.
Magical Staves
 g - an uncursed staff of air
 J - an uncursed staff of earth
Jewellery
 j - an amulet of faith (around neck)
 p - an uncursed amulet of harm
 w - a ring of see invisible (left hand)
 O - a ring of stealth (right hand)
Wands
 r - a wand of paralysis (13/24)
 y - a wand of enslavement (10/24)
 F - a wand of iceblast (6/15)
 L - a wand of iceblast (8/15)
Scrolls
 d - 6 scrolls of amnesia
 f - 9 scrolls of teleportation
 i - a scroll of enchant armour
 o - 2 scrolls of remove curse
 t - 6 scrolls of identify
 u - a scroll of recharging
 A - 2 scrolls of enchant weapon
 D - a scroll of magic mapping
 I - a scroll of immolation
 M - 2 scrolls of fog
Potions
 k - 2 potions of curing
 x - 3 potions of ambrosia
 z - a potion of resistance
 C - 3 potions of flight
 E - a potion of haste
 N - 2 potions of berserk rage
Books
 n - a book of Flames

   Spells                             Type                      Level
   a - Flame Tongue                   Conjuration/Fire             1
   b - Throw Flame                    Conjuration/Fire             2
   c - Conjure Flame                  Conjuration/Fire             3
   d - Inner Flame                    Hexes/Fire                   3
   e - Sticky Flame                   Conjuration/Fire             4
   f - Fireball                       Conjuration/Fire             5
 v - a book of Minor Magic

   Spells                             Type                      Level
   a - Magic Dart                     Conjuration                  1
   b - Blink                          Translocation                2
   c - Call Imp                       Summoning                    2
   d - Slow                           Hexes                        2
   e - Conjure Flame                  Conjuration/Fire             3
   f - Mephitic Cloud                 Conjuration/Poison/Air       3
 G - a book of Frost

   Spells                             Type                      Level
   a - Freeze                         Ice                          1
   b - Throw Frost                    Conjuration/Ice              2
   c - Ozocubu's Armour               Charms/Ice                   3
   d - Throw Icicle                   Conjuration/Ice              4
   e - Summon Ice Beast               Ice/Summoning                4
 Q - a book of Conjurations

   Spells                             Type                      Level
   a - Magic Dart                     Conjuration                  1
   b - Searing Ray                    Conjuration                  2
   c - Dazzling Spray                 Conjuration/Hexes            3
   d - Fulminant Prism                Conjuration/Hexes            4
   e - Force Lance                    Conjuration/Translocation    4
   f - Iskenderun's Mystic Blast      Conjuration                  4
Miscellaneous
 B - a phantom mirror
Comestibles
 c - 3 bread rations
 q - 13 royal jellies


   Skills:
 + Level 7.4 Fighting
 + Level 7.5 Axes
 + Level 2.6 Crossbows
 - Level 4.0 Armour
 - Level 2.0 Dodging
 - Level 1.5 Stealth
 + Level 2.7 Spellcasting
 + Level 6.8 Conjurations
 - Level 2.0 Translocations
 + Level 7.6 Fire Magic
 + Level 7.7 Invocations
 - Level 3.1 Evocations


You had 3 spell levels left.
You knew the following spells:

 Your Spells              Type           Power        Failure   Level  Hunger
a - Flame Tongue          Conj/Fire      ####.        1%          1    None
b - Blink                 Tloc           N/A          14%         2    ##.....
c - Sticky Flame          Conj/Fire      ####....     12%         4    ####...
d - Iskenderun's Mystic   Conj           ####....     12%         4    ####...


Dungeon Overview and Level Annotations

Branches:
Dungeon (10/15)            Temple (1/1) D:4
   Lair: D:8-11         Orc: D:9-12

Altars:
Ashenzari
Cheibriados
Dithmenos
Elyvilon
Fedhas
Gozag
Hepliaklqana
Kikubaaqudgha
Makhleb
Nemelex Xobeh
Okawaru
Qazlal
Ru
Sif Muna
Trog
Uskayaw
Vehumet
Wu Jian
Xom
Yredelemnul
Zin
The Shining One

Shops:
D:8 (


Innate Abilities, Weirdness & Mutations

You are partially covered in large bone plates. (SH +4)
You are dopey. (Int -2)
You passively map a small area around you.


Message History

You slash the two-headed ogre! The two-headed ogre barely misses you.
The two-headed ogre closely misses you.
The orc wizard hits your orc warrior with a dagger.
Your orc warrior hits the orc with a scimitar of slicing.
The orc dies!
The orc priest barely misses you.
You hit the orc priest.
The orc priest is heavily wounded.
You hit the two-headed ogre.
The orc priest shouts, "Beogh is our master!
Accept the truth or die!"
The orc wizard hits your orc warrior but does no damage.
The orc priest hits you but does no damage.
Your orc warrior hits the orc wizard with a scimitar of slicing!
You hit the orc priest but do no damage.
The orc priest is heavily wounded.
You hit the two-headed ogre.
The two-headed ogre hits you with a giant spiked club.
* * * LOW HITPOINT WARNING * * *
The two-headed ogre hits you with a giant club!
You die...

#.... , , #... *## #..
*,... , , #.####.... ,
######.#.......,
#......#oo....., ,
#......'.o..... * #
#.....o#####+###+#..,,
, #.....†o.O@.........
#........o).........
#....#######).#####+
#....# #..# , #....#
#..# #....# , , #..#
#..., , ,#.<# ,
#.....# , ,,,,#.....#,
,


You could see a two-headed ogre, an orc priest, an orc wizard and a friendly orc
warrior.

Vanquished Creatures
  2 two-headed ogres (D:9)
  Psyche (D:8)
  2 trolls
  The ghost of cirnu the Twirler, an amateur DsGl (Ossuary)
  Prince Ribbit (D:9)
  A shadow (D:9)
  2 sky beasts (D:9)
  An ice beast (D:8)
  A phantom (D:5)
  A black bear (D:7)
  2 ogres
  A centaur (D:6)
  A big kobold (D:7)
  3 elf zombies (Ossuary)
  2 bullfrogs (D:9)
  A wyvern skeleton (D:5)
  2 scorpions
  6 killer bees (D:8)
  3 wights (D:10)
  A howler monkey (D:7)
  2 bullfrog zombies
  4 human zombies (Ossuary)
  6 centaur zombies
  A quasit (D:8)
  3 bullfrog skeletons
  3 jellies (D:9)
  8 orc priests
  5 hounds
  4 orc wizards
  2 iguanas
  6 worker ants
  2 hound skeletons (D:4)
  3 mummies (Ossuary)
  A howler monkey zombie (D:4)
  6 worker ant zombies
  Robin (D:2)
  3 gnolls (D:3)
  4 adders
  A shadow imp (D:5)
  6 oozes
  An adder skeleton (D:4)
  2 adder zombies
  A worm (D:3)
  4 dart slugs
  4 leopard geckos
  31 orcs
  2 ball pythons
  7 giant cockroaches
  14 goblins
  2 hobgoblins
  9 jackals
  6 quokkas
  A ball python zombie (D:4)
  3 bats
  4 frilled lizards
  10 kobolds
  A leopard gecko zombie (D:4)
  5 rats
  A rat zombie (D:6)
214 creatures vanquished.

Vanquished Creatures (collateral kills)
  An orc (D:10)
1 creature vanquished.

Grand Total: 215 creatures vanquished

Notes
Turn   | Place    | Note
-------+----------+-------------------------------------------
     0 | D:1      | Rrauwl the Hill Orc Fire Elementalist began the quest for the Orb.
     0 | D:1      | Reached XP level 1. HP: 14/14 MP: 3/3
   516 | D:1      | Reached XP level 2. HP: 22/22 MP: 0/4
  1432 | D:2      | Reached skill level 1 in Axes
  1432 | D:2      | Reached XP level 3. HP: 25/27 MP: 5/5
  1651 | D:2      | Noticed Robin
  1656 | D:2      | Reached skill level 1 in Fighting
  1667 | D:2      | Killed Robin
  1749 | D:2      | Found a shattered altar of Ashenzari.
  1749 | D:2      | Found a glowing golden altar of the Shining One.
  1750 | D:2      | Found a glowing silver altar of Zin.
  1760 | D:2      | Became a worshipper of the Shining One
  1975 | D:3      | Reached XP level 4. HP: 35/35 MP: 6/6
  2216 | D:3      | Reached skill level 1 in Armour
  2529 | D:3      | Reached XP level 5. HP: 41/41 MP: 2/7
  2585 | D:4      | Found a staircase to the Ecumenical Temple.
  2645 | D:4      | Reached skill level 1 in Invocations
  2736 | D:4      | Reached skill level 1 in Evocations
  2736 | D:4      | Reached XP level 6. HP: 38/48 MP: 9/9
  2756 | D:4      | Reached * piety under the Shining One
  3138 | Temple   | Entered the Ecumenical Temple
  3289 | D:4      | Reached XP level 7. HP: 39/56 MP: 10/10
  3462 | D:5      | Entered Level 5 of the Dungeon
  3643 | D:5      | Reached ** piety under the Shining One
  3712 | D:5      | Learned a level 2 spell: Blink
  3717 | D:5      | Learned a level 4 spell: Sticky Flame
  4057 | D:5      | Noticed a troll
  4067 | D:5      | Killed a troll
  4067 | D:5      | Reached skill level 5 in Fire Magic
  4067 | D:5      | Reached XP level 8. HP: 50/64 MP: 11/11
  4081 | D:5      | Found a burning altar of Makhleb.
  4134 | D:5      | Reached skill level 1 in Translocations
  4168 | D:6      | Found a deep blue altar of Sif Muna.
  4257 | D:6      | Found a sparkling altar of Nemelex Xobeh.
  4321 | D:6      | Found a sand-covered staircase.
  4328 | Ossuary  | Entered an ossuary
  4341 | Ossuary  | Noticed cirnu's ghost (amateur DsGl)
  4357 | Ossuary  | Reached *** piety under the Shining One
  4361 | Ossuary  | Killed cirnu's ghost
  4771 | Ossuary  | Reached XP level 9. HP: 57/72 MP: 12/12
  4777 | Ossuary  | Reached **** piety under the Shining One
  4822 | D:6      | Reached skill level 5 in Invocations
  4896 | D:6      | Reached skill level 5 in Axes
  5387 | D:7      | Reached skill level 5 in Fighting
  5464 | D:7      | Reached skill level 5 in Conjurations
  5881 | D:8      | Noticed Psyche
  5886 | D:8      | Killed Psyche
  6045 | D:8      | Got a dazzling leather armour
  6056 | D:8      | Identified the +1 leather armour of Gravity {rPois Int+4} (You found it on level 8 of the Dungeon)
  6611 | D:8      | Found Hyqiusy's Antique Weapon Emporium.
  6614 | D:8      | Bought a jewelled arbalest for 275 gold pieces
  6614 | D:8      | Identified the +2 arbalest of the Thing {freeze, MR+ SInv} (You bought it in a shop on level 8 of the Dungeon)
  6798 | D:9      | Reached XP level 10. HP: 75/84 MP: 14/14
  6811 | D:9      | Noticed a two-headed ogre
  6839 | D:9      | Killed a two-headed ogre
  6839 | D:9      | Reached skill level 1 in Crossbows
  7080 | D:9      | Learned a level 4 spell: Iskenderun's Mystic Blast
  7156 | D:9      | Gained mutation: You are partially covered in large bone plates. (SH +4) [mutagenic meat]
  7157 | D:9      | Gained mutation: You passively map a small area around you. [mutagenic meat]
  7158 | D:9      | Gained mutation: You are dopey. (Int -2) [mutagenic meat]
  7404 | D:9      | Noticed a two-headed ogre
  7410 | D:9      | HP: 3/86 [two-headed ogre/giant spiked club (13)]
  7411 | D:9      | Killed a two-headed ogre
  8035 | D:9      | Noticed Prince Ribbit
  8040 | D:9      | Reached ***** piety under the Shining One
  8049 | D:9      | Killed Prince Ribbit
  8422 | D:10     | Entered Level 10 of the Dungeon
  8451 | D:10     | Noticed a two-headed ogre
  8465 | D:10     | HP: 4/86 [two-headed ogre/giant spiked club (21)]
  8468 | D:10     | Mangled by a two-headed ogre

Vault maps used:
D:1:      minmay_arrival_pointy
D:2:      gammafunk_temple_overflow_forgotten, uniq_robin
D:3:      first_bread, minivault_23
D:4:      minmay_temple_entry_large_hall, serial_undead, serial_undead_e,
          serial_undead_a, serial_undead_e, serial_undead_a, serial_undead_e,
          serial_undead_e, serial_undead_a, serial_undead_d
D:5:      moated_statue, makhleb_heckhound_becter
D:6:      old_standard_altar, enter_ossuary_3, minmay_misc_feat_nine_boxes,
          nemelex_xobeh_ov_fountains_minmay
D:8:      serial_shops, shop, uniq_psyche
D:9:      hangedman_little_slice_of_home, uniq_prince_ribbit1
D:10:     nicolae_trove_entry_crossroad
Temple:   compressed_dpeg_circular_temple
Ossuary:  ossuary_minmay_four_chambers

Skill      XL: |  1  2  3  4  5  6  7  8  9 10 |
---------------+-------------------------------+-----
Axes           | 1 2 3 4 6 7 |  7.5
Fighting       | 1 2 3 4 6 7 |  7.4
Conjurations   | 2 3 4 5 6 |  6.8
Dodging        | 2 |  2.0
Armour         | 1 2 3 4 |  4.0
Fire Magic     | 4 5 6 7 |  7.6
Invocations    | 1 2 3 4 6 7 |  7.7
Spellcasting   | 2 |  2.7
Evocations     | 1 2 3 |  3.1
Translocations | 1 2 |  2.0
Crossbows      | 2 |  2.6
Stealth        | |  1.5

Action                   |  1- 3 |  4- 6 |  7- 9 | 10-12 || total
-------------------------+-------+-------+-------+-------++-------
Melee: Hunting sling     |    19 |       |       |       ||    19
       Hand axe          |    66 |   126 |   364 |   109 ||   665
 Fire: Arbalest          |       |       |     2 |    23 ||    25
 Cast: Flame Tongue      |    24 |    27 |     7 |       ||    58
       Sticky Flame      |       |       |     2 |       ||     2
Evoke: Wand              |       |     3 |       |     4 ||     7
  Use: Scroll            |     6 |     6 |    11 |     1 ||    24
       Potion            |     5 |     4 |     1 |     5 ||    15
 Stab: Sleeping          |     4 |       |       |       ||     4
  Eat: Chunk             |     4 |     4 |     6 |     5 ||    19
       Fruit             |       |     1 |     3 |     4 ||     8
       Royal jelly       |       |       |     2 |     1 ||     3
Armor: Robe              |    27 |     6 |       |       ||    33
       Skin              |     5 |    26 |       |       ||    31
       Ring mail         |       |    50 |   141 |       ||   191
       Leather armour    |       |       |    19 |    36 ||    55
Dodge: Dodged            |    75 |    74 |   197 |    58 ||   404
Block: Other             |       |       |       |    11 ||    11
